 Dungeon Crawl Stone Soup version 0.30-a0-920-g7493c07aab (webtiles) character file.

Game seed: 3663201146982837958

45 vineage the Shield-Bearer (level 3, -1/24 HPs)
             Began as a Gargoyle Fighter on Mar 21, 2023.
             Slain by a worm (7 damage)
             ... on level 2 of the Dungeon.
             The game lasted 00:01:24 (1179 turns).

vineage the Shield-Bearer (Gargoyle Fighter)        Turns: 1179, Time: 00:01:25

Health: -1/24      AC: 12    Str: 21    XL:     3   Next: 64%
Magic:  3/3        EV:  9    Int:  8    God:
Gold:   141        SH:  4    Dex:  9    Spells: 2/2 levels left

rFire   + + +      SeeInvis .    k - +4 dagger of Inconvenience {vamp, +Blink rF++}
rCold   . . .      Faith    .    c - +0 buckler
rNeg    + . .      Spirit   .    e - +2 scale mail {rF+}
rPois   ∞          Reflect  .    (no helmet)
rElec   +          Rampage  .    l - scarf {harm}
rCorr   .          Harm     + .  (no gloves)
Will    .....                    (no boots) Stlth
                                 (no amulet)
HPRegen 0.24/turn                (no ring)
MPRegen 0.08/turn                (no ring)

@: no status effects
A: sickness immunity, AC +3, negative energy resistance 1, electricity
resistance, torment resistance 1, petrification resistance
a: Evoke Blink


You were on level 2 of the Dungeon.
You visited 1 branch of the dungeon, and saw 2 of its levels.

You collected 141 gold pieces.

Inventory:

Hand Weapons
 a - a +0 flail of venom
 k - the +4 dagger of Inconvenience (weapon) {vamp, +Blink rF++}
   (You found it on level 2 of the Dungeon)

   rF:        It greatly protects you from fire.
   +Blink:    It lets you blink.
Armour
 b - a +0 scale mail
 c - a +0 buckler (worn)
 e - a +2 scale mail of fire resistance (worn)
 l - a scarf of harm (worn)
Jewellery
 m - a ring of magical power
 n - a ring of magical power
Scrolls
 j - 4 scrolls of teleportation
Potions
 d - a potion of might
 f - 2 potions of brilliance
 g - a potion of curing {unknown}
 h - a potion of flight {unknown}
 i - a potion of magic {unknown}


   Skills:
 + Level 3.7 Fighting
 - Level 2.8 Maces & Flails
 + Level 3.7 Armour
 + Level 3.7 Shields


You had 2 spell levels left.
You didn't know any spells.
Your spell library was empty.

Dungeon Overview and Level Annotations

Branches:
Dungeon (2/15)

Altars:


Innate Abilities, Weirdness & Mutations

You are immune to sickness and miasma.
Your stone body is resilient. (AC +3)
You are immune to poison.
You resist negative energy. (rN+)
You are resistant to electric shocks. (rElec)
You are resistant to unholy torment.
You are immune to petrification.


Message History

You are too injured to fight recklessly!
You are too injured to fight recklessly!
You are too injured to fight recklessly!
You are too injured to fight recklessly!
The hobgoblin closely misses you. The hobgoblin barely misses you.
The hobgoblin attacks as you move away! The hobgoblin barely misses you.
You see here a bat corpse.
You barely miss the hobgoblin. The hobgoblin barely misses you.
You barely miss the hobgoblin. The hobgoblin closely misses you.
You hit the hobgoblin.
You feel better.
The hobgoblin is severely wounded.
The hobgoblin hits you but does no damage.
You hit the hobgoblin but do no damage.
The hobgoblin is severely wounded.
The hobgoblin hits you but does no damage.
You barely miss the hobgoblin.
The hobgoblin is severely wounded.
The hobgoblin hits you but does no damage.
You hit the hobgoblin.
You kill the hobgoblin!
The worm bites you but does no damage.
Things that are here:
a +0 dagger; a scroll of identify; a hobgoblin corpse You hit the worm but do no damage.
The worm closely misses you.
You hit the worm.
You feel better.
The worm is moderately wounded.
You barely miss the worm.
The worm is moderately wounded.
The worm bites you.
You barely miss the worm.
The worm is moderately wounded.
You completely miss the worm.
The worm is moderately wounded.
The worm bites you!
* * * LOW HITPOINT WARNING * * *
You hit the worm.
The worm is heavily wounded.
The worm bites you.
You die...

#.###.# #.....#.# ####+#>......#
#........#...# #.# #.............
##.. #......#.#.... ..###
#(..†.†#.# #.. ....# #.....w# #
#.. #.... ######@# ##..###.#.#
#.# ........#.. #.# ...........
################.############.##.
...............#...............#.
##############.#######.........#.
#.......................
#(###.######......###.##
#..............##.......


You could see a worm.

Vanquished Creatures
  An adder (D:2)
  6 bats
  3 endoplasms
  3 giant cockroaches
  3 hobgoblins
  2 jackals (D:1)
  4 kobolds
  A quokka (D:2)
  6 ball pythons
  2 frilled lizards (D:1)
  3 rats
34 creatures vanquished.

Notes
Turn   | Place    | Note
-------+----------+-------------------------------------------
     0 | D:1      | vineage the Gargoyle Fighter began the quest for the Orb.
     0 | D:1      | Reached XP level 1. HP: 14/14 MP: 1/1
   144 | D:1      | Reached XP level 2. HP: 9/19 MP: 2/2
   937 | D:2      | Reached XP level 3. HP: 23/23 MP: 3/3
  1046 | D:2      | Identified the +4 dagger of Inconvenience {vamp, +Blink
                  | rF++}
  1179 | D:2      | Slain by a worm

Illustrated notes

Levels and vault maps discovered:
D:1:      erik_arrival_cave_to_civilisation [erik_arrival_cave_to_hall],
          layout_basic, minmay_tetromino_s2
D:2:      layout_basic, serial_shops, nicolae_shop_crystal, minmay_surrounded

Action                     || total
---------------------------++-------
  Melee: Flail             ||    96
         Dagger            ||    25
    Use: Scroll            ||     5
 Armour: Scale mail        ||    72
  Dodge: Dodged            ||    68
  Block: Buckler           ||    30

Table legend: (Time is in decaauts)
 A = Elapsed time spent in this place.
 B = Non-inter-level travel time spent in this place.
 C = Inter-level travel time spent in this place.
 D = Time resting spent in this place.
 E = Time spent auto-exploring this place.
 F = Levels seen in this place.
 G = Mean time per level.
                   A        B        C        D        E       F      G
               +--------+--------+--------+--------+--------+-----+--------+
         Total |   1210 |   1166 |     44 |      0 |    883 |   2 |  605.0 |
       Dungeon |   1210 |   1166 |     44 |      0 |    883 |   2 |  605.0 |
               +--------+--------+--------+--------+--------+-----+--------+

Top non-repeatable levels by time:
     D:1: 891 daAuts
     D:2: 318 daAuts
